 Dungeon Crawl Stone Soup version 0.32-a0-42-ga30500b4d3 (webtiles) character file.

Game seed: 13009340018648969213

193 Atlas the Digger (level 5, -3/35 HPs)
             Began as a Demonspawn Earth Elementalist on Jan 31, 2024.
             Slain by Grinder (4 damage)
             ... on level 3 of the Dungeon.
             The game lasted 00:03:54 (2533 turns).

Atlas the Digger (Demonspawn Earth Elementalist)    Turns: 2533, Time: 00:03:54

Health: -3/35      AC:  2    Str:  8    XL:     5   Next: 43%
Magic:  9/10       EV: 12    Int: 18    God:
Gold:   88         SH:  0    Dex: 13    Spells: 4/11 levels left

rFire   . . .        o - +2 mace (protect)
rCold   . . .        (no shield)
rNeg    . . .        a - +0 robe
rPois   .            (no helmet)
rElec   .            (no cloak)
rCorr   .            (no gloves)
SInv    .            (no boots)
Will    .....        (no amulet)
Stlth   ++           (no ring)
HPRegen 0.25/turn    (no ring)
MPRegen 0.12/turn

%: no passive effects
@: very slightly contaminated
A: weakness stinger 1
a: no special abilities


You were on level 3 of the Dungeon.
You visited 1 branch of the dungeon, and saw 3 of its levels.

You collected 88 gold pieces.

Inventory:

Hand Weapons
 o - a +2 mace of protection (weapon)
Armour
 a - a +0 robe (worn)
Scrolls
 c - 3 scrolls of identify {unknown}
 d - a scroll of butterflies {unknown}
 e - a scroll of fog {unknown}
 f - 3 scrolls of teleportation {unknown}
 j - 2 scrolls of enchant armour {unknown}
 m - a scroll of fear {unknown}
Potions
 g - a potion of curing
 h - a potion of haste {unknown}
 i - a potion of mutation {unknown}
 k - a potion of lignification {unknown}
 l - a potion of degeneration {unknown}
 n - a potion of enlightenment {unknown}


   Skills:
 + Level 2.0 Dodging
 + Level 2.1 Stealth
 + Level 0.1 Unarmed Combat
 + Level 3.9 Spellcasting
 + Level 1.0 Conjurations
 + Level 4.1 Earth Magic


You had 4 spell levels left.
You knew the following spells:

 Your Spells              Type           Power      Damage    Failure   Level
a - Sandblast             Erth           36%        2d10      2%          1
b - Passwall              Erth           18%        N/A       9%          3
c - Stone Arrow           Conj/Erth      24%        3d8       16%         3

Your spell library contained the following spells:

 Spells                   Type           Power      Damage    Failure   Level
 Ensorcelled Hibernation  Hex/Ice        6%         N/A       22%         2
 Swiftness                Air            3%         N/A       41%         3
 Brom's Barrelling Bould  Conj/Erth      12%        2d4       45%         4
 Petrify                  Alch/Erth      11%        N/A       54%         4


Dungeon Overview and Level Annotations

Branches:
Dungeon (3/15)

Altars:
Nemelex Xobeh

Annotations:
D:3 Grinder


Innate Abilities, Weirdness & Mutations

You have a small tail.


Message History

Confirm with . or Enter, or press ? or * to list all spells.
Aiming: Stone Arrow (quite dangerous; 16% risk of failure)
Press: ? - help, Shift-Dir - straight line, f/p - Grinder
Aim: Grinder (lightly wounded, 64% to hit)
You miscast Stone Arrow.
Nothing appears to happen.
Unknown command.
Casting: Stone Arrow (quite dangerous; 16% risk of failure)
Confirm with . or Enter, or press ? or * to list all spells.
Aiming: Sandblast (safe; 2% risk of failure)
Press: ? - help, Shift-Dir - straight line, f/p - Grinder
Aim: Grinder (lightly wounded, 80% to hit)
The blast of sand hits Grinder.
Grinder is lightly wounded.
Grinder gestures at you. Pain shoots through your body!
Casting: Sandblast (safe; 2% risk of failure)
Confirm with . or Enter, or press ? or * to list all spells.
Aiming: Sandblast (safe; 2% risk of failure)
Press: ? - help, Shift-Dir - straight line, f/p - Grinder
Aim: Grinder (lightly wounded, 80% to hit)
The blast of sand hits Grinder!
Grinder is heavily wounded.
Unknown command.
Magic courses through your body. Grinder hits you.
* * * LOW HITPOINT WARNING * * *
You writhe in agony.
* * * LOW HITPOINT WARNING * * *
Unknown command.
Casting: Sandblast (safe; 2% risk of failure)
Confirm with . or Enter, or press ? or * to list all spells.
Aiming: Sandblast (safe; 2% risk of failure)
Press: ? - help, Shift-Dir - straight line, f/p - Grinder
Aim: Grinder (heavily wounded, 80% to hit)
The blast of sand hits Grinder but does no damage.
Grinder is heavily wounded.
Grinder closely misses you. Grinder hits you.
* * * LOW HITPOINT WARNING * * *
You writhe in agony.
You die...
Grinder says, "Now the real fun starts!"

..........###.#####....
$..............# #.# ###....
...................###.###......
...................##....#......
................................
...................##..#.#....##
.......................#......#
5..................##..###....#
......$........@...##..###....##
..)............5................
..............................#.
..........†........##...........
....................##..###......
.................................
.................................
....................##..##.......
....................##...........


You could see Grinder.

Vanquished Creatures
  Jessica (D:3)
  Natasha (thrice) (D:3)
  2 adders (D:2)
  2 dart slugs (D:1)
  A ribbon worm (D:2)
  5 bats (D:1)
  7 endoplasms
  7 giant cockroaches
  7 goblins
  3 hobgoblins
  4 jackals (D:1)
  7 kobolds
  A quokka (D:1)
  5 ball pythons
  4 frilled lizards
  9 rats
68 creatures vanquished.

Notes
Turn   | Place    | Note
-------+----------+-------------------------------------------
     0 | D:1      | Atlas the Demonspawn Earth Elementalist began the quest for
                  | the Orb.
     0 | D:1      | Reached XP level 1. HP: 13/13 MP: 3/3
   195 | D:1      | Gained mutation: You have a small tail. [demonic ancestry]
   195 | D:1      | Reached XP level 2. HP: 10/19 MP: 0/5
   344 | D:1      | Reached skill level 3 in Earth Magic
   588 | D:1      | Reached XP level 3. HP: 24/24 MP: 4/6
   956 | D:1      | Learned a level 3 spell: Passwall
   960 | D:1      | Learned a level 3 spell: Stone Arrow
  1417 | D:2      | Reached XP level 4. HP: 23/30 MP: 3/8
  1420 | D:2      | HP: 1/30 [adder (4)]
  1514 | D:2      | Found a sparkling altar of Nemelex Xobeh.
  1942 | D:3      | Noticed Natasha
  1948 | D:3      | Killed Natasha
  2045 | D:3      | Noticed Jessica
  2045 | D:3      | Noticed Natasha
  2048 | D:3      | Killed Jessica
  2049 | D:3      | Reached XP level 5. HP: 18/35 MP: 6/10
  2050 | D:3      | Killed Natasha
  2051 | D:3      | Reached skill level 4 in Earth Magic
  2480 | D:3      | Noticed Grinder
  2507 | D:3      | Noticed Natasha
  2515 | D:3      | Killed Natasha
  2516 | D:3      | Paralysed by Grinder for 5 turns
  2525 | D:3      | Paralysed by Grinder for 3 turns
  2533 | D:3      | HP: 1/35 [Grinder (2)]
  2533 | D:3      | Slain by Grinder

Illustrated notes

Levels and vault maps discovered:
D:1:      minmay_arrival_five_plusses, layout_basic, minmay_split_cup_large
D:2:      layout_basic, basic_altar
D:3:      layout_basic, minmay_fractal_squares_gapless_5, uniq_grinder,
          uniq_jessica, uniq_natasha

Skill      XL: |  1  2  3  4  5 |
---------------+----------------+-----
Earth Magic    | 3 4 |  4.1
Spellcasting   | 3 |  3.9
Stealth        | 2 |  2.1
Dodging        | 2 |  2.0
Unarmed Combat | |  0.1
Conjurations   | |  1.0

Action                     |  1- 3 |  4- 6 || total
---------------------------+-------+-------++-------
  Melee: Unarmed           |    40 |     1 ||    41
         Tailslap          |    10 |     1 ||    11
   Cast: Sandblast         |    77 |    30 ||   107
    Use: Potion            |       |     2 ||     2
 Armour: Robe              |    46 |    13 ||    59
  Dodge: Dodged            |    71 |     8 ||    79

Table legend: (Time is in decaauts)
 A = Elapsed time spent in this place.
 B = Non-inter-level travel time spent in this place.
 C = Inter-level travel time spent in this place.
 D = Time resting spent in this place.
 E = Time spent auto-exploring this place.
 F = Levels seen in this place.
 G = Mean time per level.
                   A        B        C        D        E       F      G
               +--------+--------+--------+--------+--------+-----+--------+
         Total |   2598 |   2566 |     32 |      9 |   2033 |   3 |  866.0 |
       Dungeon |   2598 |   2566 |     32 |      9 |   2033 |   3 |  866.0 |
               +--------+--------+--------+--------+--------+-----+--------+

Top non-repeatable levels by time:
     D:1: 1036 daAuts
     D:2: 1014 daAuts
     D:3: 546 daAuts
